 Dungeon Crawl Stone Soup version 0.26-a0-259-g1effd001a9 (webtiles) character file.

Game seed: 1144950882024232592

109 HoaS the Ruffian (level 4, 0/28 HPs)
             Began as a Gargoyle Gladiator on July 18, 2020.
             Slain by a hobgoblin (3 damage)
             ... on level 2 of the Dungeon.
             The game lasted 00:03:26 (854 turns).

HoaS the Ruffian (Gargoyle Gladiator)                Turns: 854, Time: 00:03:26

Health: 0/28       AC:  9    Str: 18    XL:     4   Next: 90%
Magic:  4/4        EV: 11    Int:  9    God:
Gold:   34         SH:  0    Dex: 11    Spells: 3/3 levels left

rFire    . . .     SeeInvis .     - Unarmed
rCold    . . .     Faith    .   (no shield)
rNeg     + . .     Spirit   .   f - +0 ring mail
rPois    ∞         Reflect  .   b - +0 helmet
rElec    +         Harm     .   (no cloak)
rCorr    .                      (no gloves)
MR       .....                  (no boots)
Stlth    +.........             (no amulet)
HPRegen  0.09/turn              (no ring)
MPRegen  0.09/turn              (no ring)

@: no status effects
A: negative energy resistance 1, electricity resistance, unbreathing,
petrification resistance, rot immunity, AC +3
a: no special abilities


You were on level 2 of the Dungeon.
You were not hungry.

You visited 1 branch of the dungeon, and saw 2 of its levels.

You collected 34 gold pieces.

Inventory:

Missiles
 c - 3 throwing nets (quivered)
 h - 8 curare-tipped darts
Armour
 b - a +0 helmet (worn)
 f - a +0 ring mail (worn)
Scrolls
 e - a scroll of identify
 g - a scroll of teleportation
Potions
 a - a potion of heal wounds
 k - a potion of berserk rage
Comestibles
 d - 8 rations


   Skills:
 + Level 3.5 Fighting
 - Level 1.7 Throwing
 - Level 2.4 Dodging
 * Level 4.7 Unarmed Combat


You had 3 spell levels left.
You didn't know any spells.
Your spell library was empty.

Dungeon Overview and Level Annotations

Branches:
Dungeon (2/15)

Altars:


Innate Abilities, Weirdness & Mutations

You are resistant to torment.
Your stone body is resilient. (AC +3)
You are immune to poison.
You resist negative energy. (rN+)
You are resistant to electric shocks. (rElec)
You can survive without breathing.
You are immune to petrification.
You are immune to rotting.


Message History

Beogh smites you!
Ouch! That really hurt!
* * * LOW HITPOINT WARNING * * *
You hit the orc priest.
The orc priest is almost dead.
The kobold hits you but does no damage. The orc priest barely misses you.
You hit the orc priest.
You kill the orc priest!
The kobold barely misses you.
You hit the kobold.
You kill the kobold!
Things that are here:
a +0 short sword; a kobold corpse You start resting.
A hobgoblin comes into view.
Things that are here:
a +0 short sword; a kobold corpse The hobgoblin shouts!
You hit the hobgoblin but do no damage. The hobgoblin hits you.
You die...

*********##*** *** ,,,,,,,,....,*
*,, *,,,*,^,#...##### **,,
,,,,,,,,........# ****,,,
*,,,*,,,#...#...# ***,,,,,,
,,,,,,,,,,......# *#..,*****
*****########...# ### *..***
*...##.....###.# *#.###*****
**#.##(..).@g>.#*#....,,,,,,
*#######..†...).##..##...,,,.,,,,
,#.....#(.†##.####...#.#,,...,,>,
,.........###.# ##....#.....,,,,
,.........#*#.# #.#<.......,,,,
,...........#.# #.#..#.....,,,,
,........##...#***#....#,....,,,,
,........#*..##,,,...#.#,,...,,,,
,..$.....#*,...,**..#*..,*****,,*


You could see a hobgoblin.

Vanquished Creatures
  An orc wizard (D:1)
  An orc priest (D:2)
  3 oozes (D:1)
  3 dart slugs (D:1)
  A leopard gecko (D:1)
  3 bats (D:1)
  A giant cockroach (D:1)
  5 goblins
  4 hobgoblins (D:1)
  A ball python (D:1)
  3 frilled lizards (D:1)
  5 kobolds
  2 rats (D:1)
33 creatures vanquished.

Notes
Turn   | Place    | Note
-------+----------+-------------------------------------------
     0 | D:1      | HoaS the Gargoyle Gladiator began the quest for the Orb.
     0 | D:1      | Reached XP level 1. HP: 12/12 MP: 1/1
   157 | D:1      | Reached XP level 2. HP: 17/18 MP: 2/2
   455 | D:1      | Reached XP level 3. HP: 19/22 MP: 3/3
   511 | D:1      | Reached skill level 4 in Unarmed Combat
   742 | D:1      | Reached XP level 4. HP: 25/28 MP: 4/4
   854 | D:2      | Slain by a hobgoblin

Illustrated notes

Levels and vault maps discovered:
D:1:      lightli_arrival_chessboard, layout_rooms, serial_co_window_serial,
          co_window_paths_a, co_window_corner_a, co_window_corner_a,
          co_window_paths_b, co_window_paths_a, co_window_of_opportunity_b,
          co_window_of_opportunity_c, co_window_broadway_c, glass_columns_a,
          glass_columns_c, glass_columns_b, minmay_octomino_j4
D:2:      minmay_diamond_boxcup, layout_rooms, lemuel_coloured_pillars_altar,
          minmay_cupped

Skill      XL: |  1  2  3 |
---------------+----------+-----
Unarmed Combat | 4 |  4.7
Fighting       | 3 |  3.5
Throwing       | |  1.7
Dodging        | |  2.4

Action                   |  1- 3 |  4- 6 || total
-------------------------+-------+-------++-------
Melee: Unarmed           |   107 |    15 ||   122
       Punch             |     1 |       ||     1
  Use: Scroll            |     8 |     1 ||     9
Armor: Ring mail         |    48 |     4 ||    52
Dodge: Dodged            |    58 |    11 ||    69

Table legend:
 A = Non-vault XP
 B = Vault XP
 C = Vault XP percentage of total XP
 D = Non-vault monster count
 E = Vault monster count
 F = Vault count percentage of total count
                 A         B        C        D         E       F
            +---------+---------+-------+---------+---------+-------
      Total |     152 |       5 |   3.2 |      30 |       3 |   9.1
            +---------+---------+-------+---------+---------+-------
        D:1 |     105 |       5 |   4.5 |      25 |       3 |  10.7
        D:2 |      47 |       0 |   0.0 |       5 |       0 |   0.0
            +---------+---------+-------+---------+---------+-------
